Cogmind - Beta 9.3 @@@ ROGUE MODE // 2019.12.22 @ 19:12:05 // Winter2019/RPGLIKE Player: Exeight Result: Core destroyed Performance ------------- Evolutions (3) 1500 Regions Visited (6) 1200 Robots Destroyed (148) 740 Value Destroyed (4267) 4267 Prototype IDs (10) 200 Alien Tech Used (0) 0 Bonus (1615) 1615 TOTAL SCORE: 9522 Bonus ------- High Alert Combat Kills 1566 Follower Combat Kills 49 Cogmind --------- Core Integrity 0/950 Matter 270/300 Energy 39/150 System Corruption 4% Temperature Cool (785) Movement Core (300) Ox5 Location -7/Factory Parts ------- > --- POWER (1) -------- Light Angular Momentum Engine > --- PROPULSION (4) --- Light Treads Medium Treads > --- UTILITY (8) ------ Enhanced Optical Array Experimental Sensor Array Advanced Signal Interpreter Advanced Targeting Computer Advanced Targeting Computer Improved Target Analyzer Core Analyzer > --- WEAPON (2) ------- Improved Spread Laser Improved Spread Laser > --- INVENTORY (2) ---- Improved Salvage Targeting Computer Heavy Missile Launcher Peak State ------------ > --- POWER ------------ Micro Fission Core > --- PROPULSION ------- Medium Treads Cesium-ion Thruster Improved VTOL Module Improved VTOL Module > --- UTILITY ---------- Coolant Injector Enhanced Optical Array Experimental Sensor Array Advanced Signal Interpreter Advanced Targeting Computer Advanced Targeting Computer Improved Target Analyzer Core Analyzer > --- WEAPON ----------- Tesla Rifle Heavy Missile Launcher > --- INVENTORY -------- (None) [Rating: 63] Favorites ----------- Power Light Nuclear Core Engine Light Ion Engine Power Core Light Nuclear Core Propulsion Improved VTOL Module Treads Light Treads Leg Carbon-fiber Leg Flight Unit Improved VTOL Module Utility Advanced Targeting Computer Device Experimental Sensor Array Processor Advanced Targeting Computer Weapon Improved Spread Laser Energy Gun Improved Spread Laser Energy Cannon Advanced Beam Cannon Ballistic Gun High-powered Shotgun Ballistic Cannon Light Cannon Launcher Heavy Missile Launcher Build | -11 -10 -10 -10 -9 -8 -7 ------- Run | Scr Mat Min Exi Min Mat Fac Slots Evolved 11 | 1 2 1 . . 3 4 Power . | . . . . . . . Propulsion 3 | 1 . . . . 1 1 Utility 7 | . 2 1 . . 2 2 Weapon 1 | . . . . . . 1 Parts Attached 75 | 4 8 6 . 3 17 37 Power 14 | 1 . 3 . . 1 9 Engine 7 | 1 . 1 . . . 5 Core 7 | . . 2 . . 1 4 Reactor . | . . . . . . . Propulsion 17 | 2 3 1 . 1 5 5 Treads 6 | 2 . . . . . 4 Leg 1 | . . 1 . . . . Wheel . | . . . . . . . Hover . | . . . . . . . Flight 10 | . 3 . . 1 5 1 Utility 16 | . 3 1 . 2 6 4 Device 6 | . 2 . . 1 1 2 Storage . | . . . . . . . Processor 10 | . 1 1 . 1 5 2 Hackware . | . . . . . . . Protection . | . . . . . . . Artifact . | . . . . . . . Weapon 28 | 1 2 1 . . 5 19 Energy Gun 16 | 1 . 1 . . 2 12 Energy Cannon 4 | . 1 . . . 1 2 Ballistic Gun 2 | . . . . . 2 . Ballistic Cannon 1 | . 1 . . . . . Launcher 5 | . . . . . . 5 Special Weapon . | . . . . . . . Impact Weapon . | . . . . . . . Slashing Weapon . | . . . . . . . Piercing Weapon . | . . . . . . . Special Melee Weapon . | . . . . . . . Unidentified Prototypes 10 | . . . . 1 4 5 Parts Lost 4 | . . 1 . . 1 2 Power 1 | . . . . . . 1 Propulsion 2 | . . 1 . . . 1 Utility . | . . . . . . . Weapon 1 | . . . . . 1 . Highest Loss Streak 1 | . . 1 . . 1 1 Average Slot Usage (%) 94 | . 88 93 75 91 98 96 Engine 3 | . 19 10 . . . 1 Core 6 | . . 1 12 12 9 4 Treads 5 | . 9 . . . . 8 Leg 2 | . . 3 12 12 . . Flight 19 | . 28 18 . 7 29 17 Device 16 | . 10 21 12 21 20 14 Processor 28 | . 2 24 25 25 27 37 Energy Gun 8 | . 11 3 12 12 4 8 Energy Cannon 2 | . 4 8 . . 4 . Naked Turns . | . . . . . . . Heaviest Build 22 | 5 8 11 11 12 13 22 Greatest Support 68 | 40 40 15 15 15 18 68 Greatest Overweight (x) 4 | . 1 2 . . . 4 Average Overweight (x) . | . . . . . . . Largest Inventory Capacity 2 | . . 2 2 2 2 2 Average Capacity 1 | . . . 2 2 2 2 Most Carried 2 | . . 2 2 2 2 2 Average Carried 1 | . . . 2 1 1 1 Final Capacity 2 | . . 2 2 2 2 2 Final Carried 2 | . . 2 2 2 1 2 Class Distribution -------------------- 36% | Sprinter 30% | Mutant 16% | Scavenger-Skirmisher 9% | Scavenger-Mutant 4% | Scout Dominant Class ---------------- Mutant | -10/Materials Mutant | -10/Mines Mutant | -10/Exiles Scavenger-Mutant | -9/Mines Sprinter | -8/Materials Sprinter | -7/Factory Resources | -11 -10 -10 -10 -9 -8 -7 ----------- Run | Scr Mat Min Exi Min Mat Fac Matter Collected 1204 | 240 112 55 . 30 245 522 Remotely . | . . . . . . . Salvage Created 3799 | . 336 43 . 396 988 2036 Parts 247 | . 25 4 . 23 66 129 Haulers Intercepted 11 | . 2 . . . 5 4 Recyclers Shooed . | . . . . . . . Parts Field Recycled . | . . . . . . . Retrieved Matter . | . . . . . . . Parts Self-Destructed . | . . . . . . . Prevented . | . . . . . . . Kills | -11 -10 -10 -10 -9 -8 -7 ------- Run | Scr Mat Min Exi Min Mat Fac Combat Hostiles Destroyed 114 | . 10 2 . 13 25 64 Guns 75 | . 6 . . 13 17 39 Cannons 25 | . 3 2 . . 7 13 AOE 11 | . . . . . . 11 Classes Destroyed 16 | . 4 . . 1 3 8 Worker 9 | . . . . . . 9 Builder 1 | . . . . . . 1 Hauler 11 | . 2 . . . 5 4 Recycler 1 | . . . . . . 1 Operator 3 | . . . . . 2 1 Watcher 9 | . 1 . . . 3 5 Swarmer 36 | . 9 . . 8 11 8 Grunt 37 | . 1 2 . 4 4 26 Brawler 5 | . . . . 1 . 4 Duelist 3 | . . . . . . 3 Protector 1 | . . . . . . 1 Sentry 15 | . . . . . 9 6 Demolisher 2 | . . . . . . 2 Hunter 2 | . . . . . 1 1 Programmer 5 | . . . . . . 5 Assembled 8 | . . . . . . 8 Best Kill Streak 15 | . 3 2 . 4 6 15 Combat Bots Only 9 | . 3 2 . 4 5 9 Max Kills in Single Turn 6 | . 1 1 . 1 1 6 Gunslinging 1 | . . . . . . 1 Exploded 3 | . . . . . . 3 Melee . | . . . . . . . Uniques/NPCs Destroyed . | . . . . . . . Combat | -11 -10 -10 -10 -9 -8 -7 -------- Run | Scr Mat Min Exi Min Mat Fac Damage Taken 5905 | . 311 231 . 445 1090 3828 Core 4940 | . 248 193 . 367 918 3214 Absorbed by Shields . | . . . . . . . Redirected to Core 3266 | . 201 128 . 246 583 2108 Core Remaining (%) 91 | 100 . . . 75 100 . Volleys Fired 377 | . 42 10 . 31 126 168 Largest 2 | . 1 1 . 1 1 2 Hottest 150 | . 60 75 . 75 75 150 Shots Fired 427 | . 42 10 . 31 126 218 Gun 316 | . 30 5 . 31 87 163 Cannon 98 | . 12 5 . . 39 42 Launcher 13 | . . . . . . 13 Special . | . . . . . . . Kinetic 28 | . 8 . . . 20 . Thermal 348 | . 4 10 . 31 106 197 Explosive 13 | . . . . . . 13 Electromagnetic 38 | . 30 . . . . 8 Robot Hit Streak 76 | . 9 6 . 11 32 76 Robot Miss Streak 4 | . 3 1 . 3 4 3 Penetration Max . | . . . . . . . Secondary Targets 5 | . . . . . . 5 Max Gunslinging Chain 1 | . . . . . . 1 Shots Hit Robots 371 | . 29 7 . 22 110 203 Core Hits 411 | . 13 4 . 14 44 336 Critical Hits 14 | . . 1 . . 11 2 Critical Kills 7 | . . 1 . . 5 1 Critical Parts Destroyed 5 | . . . . . 5 . Melee Attacks . | . . . . . . . Impact . | . . . . . . . Slashing . | . . . . . . . Piercing . | . . . . . . . Sneak Attacks . | . . . . . . . Combat Hostiles . | . . . . . . . Follow-up Attacks . | . . . . . . . Damage Inflicted 11387 | . 414 132 . 549 2416 7876 Guns 6844 | . 292 62 . 549 1505 4436 Cannons 2193 | . 122 70 . . 911 1090 Explosions 2350 | . . . . . . 2350 Melee . | . . . . . . . Ramming . | . . . . . . . Kinetic 418 | . 86 . . . 332 . Thermal 8163 | . 36 132 . 549 2084 5362 Explosive 2350 | . . . . . . 2350 Electromagnetic 456 | . 292 . . . . 164 Impact . | . . . . . . . Slashing . | . . . . . . . Piercing . | . . . . . . . Highest Corruption 4 | . . . . . . 4 Average Corruption 1 | . . . . . . 1 Corruption Purged 1 | . . . . . . 1 Effects 13 | . . . . . . 13 Message Errors 2 | . . . . . . 2 Matter Fused 1 | . . . . . . 1 Heat Flow Errors 3 | . . . . . . 3 Energy Discharges 3 | . . . . . . 3 Data Loss (minor) 2 | . . . . . . 2 Targeting Errors 1 | . . . . . . 1 Weapon Failures 1 | . . . . . . 1 Overload Shots . | . . . . . . . Overflow Damage 165 | . . . . . 24 141 Projectiles 38 | . . . . . 24 14 Explosions 127 | . . . . . . 127 Melee . | . . . . . . . Knockbacks 1 | . 1 . . . . . Impact . | . . . . . . . Kinetic 1 | . 1 . . . . . Secondary . | . . . . . . . Self-Inflicted Damage . | . . . . . . . Shots . | . . . . . . . Rammed . | . . . . . . . Targets Rammed . | . . . . . . . Kicked . | . . . . . . . Crushed . | . . . . . . . Highest Temperature 785 | . 58 42 . 225 199 785 Average Temperature 91 | . 16 18 . 82 63 115 Received Heat Transfer 1405 | . 42 15 . 45 243 1060 Effects 16 | . . . . . . 16 Shutdowns 3 | . . . . . . 3 Energy Bleed 2 | . . . . . . 2 Matter Decay 4 | . . . . . . 4 Short Circuit 1 | . . . . . . 1 Damage (minor) 2 | . . . . . . 2 Damage (major) 2 | . . . . . . 2 Damage (core) 2 | . . . . . . 2 Siege Activations . | . . . . . . . Robots Corrupted 2 | . 1 . . . . 1 Combat Hostiles 2 | . 1 . . . . 1 Parts Fried 1 | . 1 . . . . . Impact Corruptions . | . . . . . . . Robots Melted 1 | . . . . . 1 . Combat Hostiles 1 | . . . . . 1 . Parts Melted 8 | . . . . 1 6 1 Heat Transferred 8892 | . 74 259 . 888 3404 4267 Parts Sabotaged . | . . . . . . . Parts Stolen . | . . . . . . . Parts Stripped . | . . . . . . . Power Chain Reactions . | . . . . . . . Missiles Intercepted . | . . . . . . . Alert | -11 -10 -10 -10 -9 -8 -7 ------- Run | Scr Mat Min Exi Min Mat Fac Peak Influence 1620 | . 324 141 . 245 662 1620 Average Influence 573 | . 141 81 . 66 442 955 Maximum Alert Level 5 | . 1 . . 1 2 5 Low Security (%) 30 | 100 74 100 . 93 9 . Level 1 13 | . 25 . . 6 25 10 Level 2 25 | . . . . . 65 25 Level 3 6 | . . . . . . 13 Level 4 23 | . . . . . . 49 Level 5 . | . . . . . . . High Security . | . . . . . . . Max Security . | . . . . . . . Squads Dispatched 18 | . 1 . . . 1 16 Investigation 1 | . . . . . 1 . Extermination 4 | . . . . . . 4 Reinforcement 5 | . 1 . . . . 4 Assault 4 | . . . . . . 4 Garrison 4 | . . . . . . 4 Intercept . | . . . . . . . Construction Impeded 1 | . . . . . . 1 Haulers Reinforced 2 | . . . . . . 2 Stealth | -11 -10 -10 -10 -9 -8 -7 --------- Run | Scr Mat Min Exi Min Mat Fac Distress Signals 8 | . 2 . . . 2 4 Communications Jammed . | . . . . . . . Distress Signals . | . . . . . . . Times Spotted 165 | . 24 4 . 13 39 85 Peak Tracking Total 8 | . 5 2 . 4 5 8 Tactical Retreats 6 | . . . . . 1 5 Traps | -11 -10 -10 -10 -9 -8 -7 ------- Run | Scr Mat Min Exi Min Mat Fac Traps Triggered 5 | . 1 . . . 1 3 Indirectly . | . . . . . . . Trap Hack Attempts . | . . . . . . . Triggered . | . . . . . . . Disarmed 18 | . 6 . . . . 12 Reprogrammed . | . . . . . . . Reused . | . . . . . . . Traps Extracted . | . . . . . . . Installed . | . . . . . . . Triggered . | . . . . . . . Machines | -11 -10 -10 -10 -9 -8 -7 ---------- Run | Scr Mat Min Exi Min Mat Fac Machines Disabled 11 | . 2 . . . 1 8 Max in Single Turn 5 | . 1 . . . 1 5 Garrison Access 2 | . . . . . . 2 Machines Sabotaged . | . . . . . . . Garrisons Compromised 1 | . . . . . . 1 Overloaded Fab Kills . | . . . . . . . Fab Network Shutdowns . | . . . . . . . Hacking | -11 -10 -10 -10 -9 -8 -7 --------- Run | Scr Mat Min Exi Min Mat Fac Machines Accessed 34 | . 7 1 1 . 10 15 Terminals 28 | . 7 . . . 10 11 Fabricators . | . . . . . . . Repair Stations . | . . . . . . . Recycling Units . | . . . . . . . Scanalyzers 1 | . . . . . . 1 Garrison Access 3 | . . . . . . 3 Total Hacks 79 | . 12 1 23 . 16 27 Successful 58 | . 7 1 23 . 13 14 Failed 21 | . 5 . . . 3 13 Catastrophic 3 | . . . . . . 3 Database Lockouts . | . . . . . . . Manual 46 | . 12 . . . 13 21 Terminals 49 | . 12 . . . 16 21 Fabricators . | . . . . . . . Repair Stations . | . . . . . . . Recycling Units . | . . . . . . . Scanalyzers 2 | . . . . . . 2 Garrison Access 4 | . . . . . . 4 Terminal Hacks 31 | . 1 1 23 . 3 3 Record 23 | . . . 23 . . . Open Door 1 | . . 1 . . . . Emergency Access Points 1 | . . . . . 1 . Terminal Index 1 | . . . . . . 1 Alert Level 1 | . . . . . 1 . Disarm Traps 3 | . 1 . . . . 2 Dispatch Records 1 | . . . . . 1 . Fabricator Hacks . | . . . . . . . Repair Station Hacks . | . . . . . . . Recycling Unit Hacks . | . . . . . . . Scanalyzer 1 | . . . . . . 1 Insert Component 1 | . . . . . . 1 Garrison Access Hacks 2 | . . . . . . 2 Seal Access 2 | . . . . . . 2 Unauthorized Hacks 57 | . 15 . . . 23 19 Terminals 24 | . 6 . . . 10 8 Track 22 | . 6 . . . 10 6 Assimilate 2 | . . . . . . 2 Fabricators . | . . . . . . . Repair Stations . | . . . . . . . Recycling Units . | . . . . . . . Scanalyzers . | . . . . . . . Garrison Access . | . . . . . . . Data Cores Recovered 1 | . . . . . 1 . Used 1 | . . . . . 1 . Hacking Detections 15 | . 2 . . . 3 10 Full Trace Events . | . . . . . . . Feedback Events . | . . . . . . . Feedback Blocked . | . . . . . . . Robot Schematics Acquired . | . . . . . . . Robots Built . | . . . . . . . Matter . | . . . . . . . Time . | . . . . . . . Total Robot Build Rating . | . . . . . . . Part Schematics Acquired . | . . . . . . . Parts Built . | . . . . . . . Matter . | . . . . . . . Time . | . . . . . . . Total Part Build Rating . | . . . . . . . Parts Repaired . | . . . . . . . Time . | . . . . . . . Parts Recycled . | . . . . . . . Recycled Matter . | . . . . . . . Retrieved Matter . | . . . . . . . Retrieved Components . | . . . . . . . Parts Scanalyzed 1 | . . . . . . 1 Part Schematics Acquired . | . . . . . . . Parts Damaged . | . . . . . . . Bothacking | -11 -10 -10 -10 -9 -8 -7 ------------ Run | Scr Mat Min Exi Min Mat Fac Used RIF Installer . | . . . . . . . Robots Hacked . | . . . . . . . Non-combat . | . . . . . . . Combat . | . . . . . . . Robot Hacks Applied . | . . . . . . . Relay Couplers Released 1 | . . . . . . 1 Programmers 1 | . . . . . . 1 Robots Rewired . | . . . . . . . Allies Hacked . | . . . . . . . Hacks Repelled . | . . . . . . . Allies | -11 -10 -10 -10 -9 -8 -7 -------- Run | Scr Mat Min Exi Min Mat Fac Total Allies 6 | . . 1 . 3 . 2 Largest Group 3 | . . 1 1 3 3 1 Highest-Rated Group 40 | . . 31 31 40 40 26 Highest-Rated Ally 31 | . . 31 31 16 16 26 Total Orders . | . . . . . . . Ally Attacks 11 | . . . . . 11 . Total Damage 97 | . . . . . 97 . Kills 3 | . . . . . 3 . Allies Corrupted . | . . . . . . . Allies Melted . | . . . . . . . Intel | -11 -10 -10 -10 -9 -8 -7 ------- Run | Scr Mat Min Exi Min Mat Fac Robot Analysis Total . | . . . . . . . Derelict Logs Recovered 1 | . . 1 . . . . Drone Launches . | . . . . . . . Drone Recoveries . | . . . . . . . Exploration | -11 -10 -10 -10 -9 -8 -7 ------------- Run | Scr Mat Min Exi Min Mat Fac Turns Passed 5717 | 60 595 448 158 693 1115 2648 Spaces Moved 5698 | 37 848 378 132 472 1339 2492 Core 13 | 4 . . . . . 9 Treads 675 | 33 34 . . . . 608 Legs 682 | . . 72 132 472 6 . Wheels . | . . . . . . . Hover . | . . . . . . . Flight 4328 | . 814 306 . . 1333 1875 Fastest Speed 27 | 50 37 37 120 120 29 27 Average Speed 57 | 148 42 53 120 120 29 62 Slowest Speed 250 | 160 160 200 120 120 120 250 Overloaded Moves . | . . . . . . . Propulsion Burnouts . | . . . . . . . Robots Hopped 34 | . 9 2 . . 8 15 Cave-ins Triggered . | . . . . . . . Exploration Rate (%) 66 | 3 97 66 49 96 88 63 Regions Visited 6 Branch Regions 3 Pre-discovered Areas 1 | . . . 1 . . . Known Exits Taken 1 | . . . . . 1 . Unknown Exits Taken 5 | 1 1 1 1 1 . . Scrap Searched 2 | . . 1 . 1 . . Spaces Dug . | . . . . . . . Terrain Destroyed 81 | . . 1 . . 7 73 Melee . | . . . . . . . Projectile 8 | . . 1 . . 7 . AOE 73 | . . . . . . 73 Actions | -11 -10 -10 -10 -9 -8 -7 --------- Run | Scr Mat Min Exi Min Mat Fac Total 7647 | 40 1032 612 131 568 1927 3337 Wait 1249 | . 133 196 . 44 368 508 Move 5626 | 36 830 373 131 471 1322 2463 Hop 32 | . 8 2 . . 8 14 Pick Up 45 | . . . . 4 16 25 Fast Attach 23 | 4 8 6 . 2 . 3 Attach 30 | . . . . 1 13 16 Detach 4 | . . 2 . . . 2 Swap 22 | . . . . . 4 18 Drop 46 | . 5 4 . 4 13 20 Fire 377 | . 42 10 . 31 126 168 Melee . | . . . . . . . Ram . | . . . . . . . Kick . | . . . . . . . Crush . | . . . . . . . Escape Stasis . | . . . . . . . Rewire . | . . . . . . . Trap . | . . . . . . . Miscellaneous 193 | . 6 19 . 11 57 100 Route ------- -11/Scrapyard -10/Materials (discovered 4 exits: [*Mat x3] / *Min) -10/Mines -10/Exiles -9/Mines (discovered 2 exits: *Mat x2) -8/Materials (discovered 3 exits: *Fac x2 / [*Sto]) -7/Factory (discovered 3 exits: *Fac x3) History --------- Turn | Location | Event 1 | -11/Scrapyard | Upgraded with Propulsion slot (x1) 3 | -11/Scrapyard | Discovered new exit (range 15) 61 | -11/Scrapyard | Entered Materials 250 | -10/Materials | Discovered new exit (range 16) 311 | -10/Materials | Build established: Mutant 401 | -10/Materials | Discovered new exit (range 5) 419 | -10/Materials | Discovered new exit (range 15) 513 | -10/Materials | Discovered new exit (range 15) 559 | -10/Materials | Upgraded with Utility slot (x1) 576 | -10/Materials | Upgraded with Utility slot (x1) 656 | -10/Materials | Entered Mines 658 | -10/Mines | Reached level 2 661 | -10/Mines | Upgraded with Utility slot (x1) 677 | -10/Mines | Learned Materials stockpile data 679 | -10/Mines | Met a Derelict bent on vengeance 949 | -10/Mines | Assembled infested the area 976 | -10/Mines | Met 8R-AWN 980 | -10/Mines | Met a Derelict who couldn't figure out how to use a Trap Extractor 1068 | -10/Mines | Escorted by a lone wolf Derelict 1091 | -10/Mines | Discovered new exit (range 5) 1104 | -10/Mines | Entered Exiles 1104 | -10/Exiles | Accompanied by 1 ally 1133 | -10/Exiles | Welcomed by 8R-AWN 1154 | -10/Exiles | Met EX-HEX 1202 | -10/Exiles | Met EX-DEC 1206 | -10/Exiles | Learned location of Zion (-6) 1251 | -10/Exiles | Discovered new exit (range 11) 1262 | -10/Exiles | Entered Mines 1472 | -9/Mines | Found a damaged Exp. Sensor Array with a note attached 1477 | -9/Mines | Found Prototype Device 1477 | -9/Mines | Identified Exp. Sensor Array 1486 | -9/Mines | Reached level 3 1800 | -9/Mines | Discovered new exit (range 9) 1803 | -9/Mines | Build established: Scavenger-Mutant 1884 | -9/Mines | Discovered new exit (range 5) 1927 | -9/Mines | Assisted by bots powering up and referring to "LRC-V3" 1955 | -9/Mines | Entered Materials 1955 | -8/Materials | Accompanied by 3 allies 1957 | -8/Materials | Reached level 4 1963 | -8/Materials | Upgraded with Propulsion slot (x1) 1985 | -8/Materials | Reached level 5 2086 | -8/Materials | Core integrity fell below 50% 2167 | -8/Materials | Reached level 6 2171 | -8/Materials | Upgraded with Utility slot (x1) 2269 | -8/Materials | Build established: Sprinter 2344 | -8/Materials | Discovered new exit (range 15) 2390 | -8/Materials | Discovered new exit (range 8) 2575 | -8/Materials | Reached level 7 2690 | -8/Materials | Discovered new exit (range 15) 2971 | -8/Materials | Upgraded with Utility slot (x1) 3060 | -8/Materials | Identified exit to Factory 3070 | -8/Materials | Entered Factory 3072 | -7/Factory | Reached level 8 3161 | -7/Factory | Destroyed 7 combat bots 3166 | -7/Factory | Upgraded with Propulsion slot (x1) 3188 | -7/Factory | Core integrity fell below 50% 3362 | -7/Factory | Reached level 9 3754 | -7/Factory | Discovered new exit (range 10) 4012 | -7/Factory | Reached level 10 4030 | -7/Factory | Garrison activated, responded to threat 4051 | -7/Factory | Reached level 11 4062 | -7/Factory | Upgraded with Utility slot (x1) 4072 | -7/Factory | Destroyed 9 combat bots 4121 | -7/Factory | Discovered new exit (range 4) 4130 | -7/Factory | Identified exit to Factory 4270 | -7/Factory | First assault squad dispatched 4347 | -7/Factory | Upgraded with Weapon slot (x1) 4377 | -7/Factory | Core integrity fell below 20% 4384 | -7/Factory | Reached level 12 4420 | -7/Factory | Upgraded with Utility slot (x1) 4572 | -7/Factory | Discovered exit to Factory (range 20) 5012 | -7/Factory | Build established: Scavenger-Skirmisher 5159 | -7/Factory | Reached level 13 5195 | -7/Factory | Garrison activated, responded to threat 5284 | -7/Factory | Destroyed 7 combat bots 5680 | -7/Factory | Reached level 14 5719 | -7/Factory | Core destroyed Last Messages --------------- Overheating: Matter decay (-39). Overheating: Energy bleed (-1). K-01 Serf collects debris. Overheating: Core damaged (-123). Protomatter-57 decays. K-01 Serf collects debris. Overheating: Lgt. Treads damaged (-2). Overheating: Exp. Sensor Array damaged (-1). Lgt. Treads destroyed. K-01 Serf collects debris. Overheating: Short circuit. Broken Imp. Target Analyzer permanently disabled. K-01 Serf collects debris. Power failure, Lgt. Angular Momentum Engine shutdown. K-01 Serf collects debris. G-47 Trooper destroyed. Switching to secondary target: G-50 Soldier. K-01 Serf destroyed. K-01 Serf collects debris. Overheating: Core damaged (-123). Map ----- +----------------------------------------------------+ | ########################### #????????????????? | | ???????# # #???###??????????? | | ???????# #r #?? #??????????? | | ???????? # #?? #??????????? | | ????????? # #? #??????????? | | ??????????"" """ """ """ #r #? #?u????????? | | ""???????""" """ """ """ # # "" #??????????? | | """"" ## """ """ """ """ # # "" #??????????? | | ## # + """ #??????????? | | ##################+######## # """ #??????????? | | #??# # """ #??????????? | | #??# #? #??????????? | | #??# #? #??????????? | | #####+########### #??# #?? #?? #??????? | | ??? ????????# #### ####### #??????? | | ?# #??????# #??????? | | ?# #??????# #??????? | | ?# #??????# p #??????? | | ## #??????########### ###########??????? | | ## #????????????????# #????????????????? | | ## #????????????????# #????????????????? | | ## #????????????????# #????????????????? | | ## #???############## #????????????????? | | ## #???# # #????????????????? | | ## #???# # #????????????????? | | ##########???# *k@# #????????????????? | | #????????????# !i*# #???????########## | | ?????????????# ! !%r%# !%#???????# [[ | | ?????????????# !g%m# =#???????# [! | | ?????????????# =%+ #???????# | | ?????????????# !# + # | | ?????????????# =# # """ # | | ?????????????# # "#?""""" # | | ?????????????# = #####%#???""" ###u###### | | ?????????????# ! #???#"#???? #?#i#???# | | ?????????###############g###### /?????? ??# #???# | | ?????????# # # #k????????# #???# | | ?????????# # # # "???????# #???# | | ?????????# """""" # """ # #? ???????# #???# | | ???####### """""" # """ # #?#####???# #???# | | ##?# # """""" # """ #^### % ##### #???# | | #?# # """""" # +